 Dungeon Crawl Stone Soup version 0.20-a0-1033-g05abe66 (webtiles) character file.

107 M4edhros the Poker (level 4, -9/34 HPs)
             Began as a Spriggan Abyssal Knight on Apr 21, 2017.
             Was a Follower of Lugonu.
             Mangled by an orange demon (15 damage)
             ... on level 1 of the Abyss.
             The game lasted 00:01:28 (203 turns).

M4edhros the Poker (Spriggan Abyssal Knight)         Turns: 203, Time: 00:01:29

Health: -9/34      AC:  2    Str: 14    XL:     4   Next: 56%
Magic:  6/6        EV: 18    Int: 13    God:    Lugonu [*.....]
Gold:   6          SH:  0    Dex: 15    Spells: 3/3 levels left

rFire    . . .     SeeInvis +   a - +1 spear
rCold    . . .     Gourm    .   (shield restricted)
rNeg     . . .     Faith    .   b - +0 robe
rPois    .         Spirit   .   (helmet restricted)
rElec    .         Reflect  .   (no cloak)
rCorr    .         Harm     .   (gloves unavailable)
MR       .....                  (boots unavailable)
Stlth    ..........             e - amulet of rage
Regen    0.2/turn               (no ring)
MPRegen  0.1/turn               (no ring)

@: berserking, very quick
A: unfitting armour, see invisible, herbivore 3, speed 3, slow metabolism 2
a: Depart the Abyss, Renounce Religion, Evoke Berserk Rage


You were on level 1 of the Abyss.
You worshipped Lugonu.
Lugonu was aware of your devotion.
You were not hungry.

You visited 0 branches of the dungeon, and saw 0 of its levels.
You visited the Abyss 1 time.

You collected 6 gold pieces.

Inventory:

Hand Weapons
 a - a +1 spear (weapon)
Armour
 b - a +0 robe (worn)
Jewellery
 e - an amulet of rage (around neck)
Scrolls
 d - a scroll of remove curse {unknown}
Potions
 f - a potion of heal wounds
Comestibles
 c - a bread ration


   Skills:
 - Level 2.4 Fighting
 + Level 3.6 Polearms
 - Level 3.5 Dodging
 - Level 1.7 Invocations


You had 3 spell levels left.
You didn't know any spells.

Dungeon Overview and Level Annotations

Branches:
Dungeon (0/15)

Altars:


Innate Abilities, Weirdness & Mutations

You are very small and have problems with some larger weapons.
You are too small for most types of armour.
You have supernaturally acute eyesight. (SInv)
You are a herbivore.
You cover ground extremely quickly.
You need consume almost no food.


Message History

The orange demon is heavily wounded.
The orange demon stings you! The orange demon misses you.
You closely miss the orange demon.
The orange demon is heavily wounded.
The orange demon stings you.
* * * LOW HITPOINT WARNING * * *
The orange demon barely misses you.
You hit the orange demon.
The orange demon is heavily wounded.
You barely miss the orange demon.
The orange demon is heavily wounded.
The orange demon stings you.
* * * LOW HITPOINT WARNING * * *
The orange demon barely misses you.
You closely miss the orange demon.
The orange demon is heavily wounded.
You puncture the orange demon!
The orange demon is severely wounded.
The orange demon stings you!
You die...

.. .# .##. .. #.
.# ## . #. ...
#..#.## # #.##.#
..#.####...#.#.#
....
##....#.#..##.#
#....##.#.
#..#...#..
#.#.#....#.####...
#?.#..#...##...
.#. #.4...#... .
#.# ###@.#.. .#..#
###. #....# #..###
.. #....# #.## #..
#...#.##.. # #.
.....####.# # # #.
#...... #.## ...
####.# # . .. #.#
##. .. .. . .##


You could see an orange demon.

Vanquished Creatures
  A small abomination (Abyss:1)
  An ufetubus (Abyss:1)
2 creatures vanquished.

Notes
Turn   | Place    | Note
-------+----------+-------------------------------------------
     0 | Abyss:1  | M4edhros the Spriggan Abyssal Knight began the quest for the Orb.
     0 | Abyss:1  | Reached XP level 1. HP: 11/11 MP: 3/3
    41 | Abyss:1  | Noticed a chaos spawn
    92 | Abyss:1  | Noticed a quasit
   129 | Abyss:1  | Noticed a small abomination
   140 | Abyss:1  | Killed a small abomination
   140 | Abyss:1  | Reached XP level 2. HP: 16/16 MP: 4/4
   140 | Abyss:1  | Reached XP level 3. HP: 19/19 MP: 5/5
   140 | Abyss:1  | Reached XP level 4. HP: 23/23 MP: 6/6
   165 | Abyss:1  | Noticed an efreet
   189 | Abyss:1  | Noticed an orange demon
   203 | Abyss:1  | Mangled by an orange demon

Vault maps used:

Skill      XL: |  1 |
---------------+----+-----
Polearms       | 3 |  3.6
Fighting       | |  2.4
Dodging        | |  3.5
Invocations    | |  1.7

Action                   |  1- 3 |  4- 6 || total
-------------------------+-------+-------++-------
Melee: Spear             |     5 |    12 ||    17
 Abil: Evoke Berserk Rag |     1 |     1 ||     2
  Use: Potion            |       |     1 ||     1
Armor: Robe              |       |     1 ||     1
Dodge: Dodged            |    14 |    10 ||    24
